 Dungeon Crawl Stone Soup version 0.31-a0-75-g6fe912e8c5 (webtiles) character file.

Game seed: 2856417524568705971

2551 lunkers the Carver (level 10, -3/90 HPs)
             Began as a Meteoran Wanderer on May 23, 2023.
             Was a Priest of Okawaru.
             Splashed by a jelly's acid (5 damage)
             ... on level 7 of the Dungeon.
             The game lasted 00:11:34 (3449 turns).

lunkers the Carver (Meteoran Wanderer)              Turns: 3449, Time: 00:11:35

Health: -3/90      AC:  1    Str: 20    XL:     10   Next: 11%
Magic:  13/14      EV: 16    Int: 14    God:    Okawaru [***...]
Gold:   249        SH:  0    Dex: 17    Spells: 9/9 levels left

rFire   . . .        a - +3 falchion (protect)
rCold   . . .        (no shield)
rNeg    . . .        v - +3 ring mail of Altruism {rPois Int+3 Dex+2}
rPois   +            (no helmet)
rElec   .            (no cloak)
rCorr   .            (no gloves)
SInv    .            (no boots)
Will    +....        (no amulet)
Stlth   +            r - ring of flight
HPRegen 0.35/turn    (no ring)
MPRegen 0.14/turn

%: no passive effects
@: heroic, corroded, under a protective aura, flying, glowing
A: sense surroundings 2, otherworldly, glowing, explore regen
a: Renounce Religion, Heroism


You were on level 7 of the Dungeon.
You worshipped Okawaru.
Okawaru was most pleased with you.
You visited 2 branches of the dungeon, and saw 8 of its levels.

You collected 249 gold pieces.

Inventory:

Hand Weapons
 a - a +3 falchion of protection (weapon)
 i - a +3 short sword of freezing
 A - a +2 falchion of holy wrath
Armour
 m - a +4 scale mail
 v - the +3 ring mail of Altruism (worn) {rPois Int+3 Dex+2}
   (You found it on level 5 of the Dungeon)

   Int:       It affects your intelligence (+3).
   Dex:       It affects your dexterity (+2).
   rPois:     It protects you from poison.
Jewellery
 r - a ring of flight (left hand)
Scrolls
 c - 4 scrolls of blinking
 j - 2 scrolls of teleportation
 q - 4 scrolls of enchant armour
 s - a scroll of poison
 w - a scroll of fear
 y - a scroll of fog
Potions
 f - 6 potions of curing
 h - a potion of degeneration {unknown}
 k - 4 potions of lignification
 l - a potion of invisibility {unknown}
 n - a potion of heal wounds {unknown}
 o - 2 potions of enlightenment {unknown}
 p - 2 potions of might
 t - a potion of haste {unknown}
 u - 2 potions of attraction {unknown}
 x - a potion of cancellation {unknown}
 z - 3 potions of brilliance {unknown}


   Skills:
 + Level 8.5(13.5) Fighting
 - Level 10.0(15.0) Long Blades
 - Level 2.4(7.4) Staves
 + Level 5.4(10.4) Armour
 + Level 5.1(10.1) Dodging
 - Level 5.0 Invocations


You had 9 spell levels left.
You didn't know any spells.
Your spell library contained the following spells:

 Spells                   Type           Power      Damage    Failure   Level
 Beastly Appendage        Tmut           0%         N/A       41%         1
 Blink                    Tloc           0%         N/A       54%         2
 Lesser Beckoning         Tloc           0%         N/A       54%         2
 Momentum Strike          Conj/Tloc      0%         3d8       54%         2
 Wereblood                Tmut           0%         N/A       54%         2
 Spider Form              Tmut/Pois      0%         N/A       78%         3


Dungeon Overview and Level Annotations

Branches:
Dungeon (7/15) Zot: 927    Temple (1/1) D:4 Zot: 527

Altars:
Ashenzari
Cheibriados
Dithmenos
Elyvilon
Fedhas
Gozag
Hepliaklqana
Kikubaaqudgha
Nemelex Xobeh
Okawaru
Qazlal
Ru
Sif Muna
Trog
Uskayaw
Vehumet
Wu Jian
Yredelemnul
Zin
The Shining One

Annotations:
D:7 1 transporter
Temple 2 transporters


Innate Abilities, Weirdness & Mutations

You passively map the area around you.
You are easily found by Zot.
You glow in the dark.
You regain HP and MP as you explore.


Message History

The jelly is severely wounded.
You slash the jelly!
You kill the jelly!
Okawaru accepts your kill. The jelly closely misses you.
The jelly completely misses you.
Unknown command.
You hit the jelly.
Your hands burn!
* * * LOW HITPOINT WARNING * * *
The jelly is lightly wounded.
The jelly barely misses you. The jelly hits you but does no damage.
You hit the jelly but do no damage. The acid corrodes you!
Your hands burn!
* * * LOW HITPOINT WARNING * * *
The jelly is lightly wounded.
You hit the jelly. The acid corrodes you!
Your hands burn!
* * * LOW HITPOINT WARNING * * *
The jelly is heavily wounded.
The jelly barely misses you. The jelly hits you but does no damage.
Unknown command.
You slash the jelly!
You kill the jelly!
Okawaru accepts your kill.
Unknown command.
The jelly attacks as you move away! The jelly hits you.
* * * LOW HITPOINT WARNING * * *
You are splashed with acid!
* * * LOW HITPOINT WARNING * * *
You aren't carrying any items that you can evoke.
You slash the jelly! The acid corrodes you!
Your hands burn!
* * * LOW HITPOINT WARNING * * *
The jelly is severely wounded.
The jelly hits you.
* * * LOW HITPOINT WARNING * * *
You are splashed with acid!
* * * LOW HITPOINT WARNING * * *
You slash the jelly!
You kill the jelly!
Okawaru accepts your kill.
Unknown command.
You slash the jelly!
Your hands burn!
You die...

########..# #.###.#
#..# .# #.#...#
#..# # #.....###..#
, #..©....)).## *
#########.)..#*
*#☼°°○.°.##.#.# * ,
#°.°°°°○##.#.# ,*
*,** #○°#©#○○##.#.#
, #°○@J.°○#....# *
* * #○°#.#°°#....#*
# *
,#○°.!.○°#....##.##
,
####.+°####.......#
* ,
#...°○°○..#...###.#
, *#.○°°.○°○.#.###
* *** #○○○○☼°°°○#.#
#..°[$$.○.#.# *
#°..)©[.○○#.#####.#


You could see a jelly.

Vanquished Creatures
  A steam dragon (D:6)
  2 acid dragons (D:7)
  A sky beast (D:6)
  A black bear (D:7)
  An orc warrior (D:7)
  3 ice beasts
  A centaur (D:7)
  3 phantoms
  A kobold brigand (D:4)
  4 bullfrogs
  5 orc priests
  8 hounds
  3 jellies (D:7)
  2 sleepcaps
  2 iguanas (D:6)
  10 orc wizards
  4 gnolls (D:7)
  3 adders
  A shadow imp (D:7)
  An ufetubus (D:5)
  A worm (D:2)
  6 dart slugs
  20 orcs
  5 ball pythons
  2 bats
  5 endoplasms
  4 giant cockroaches
  6 goblins
  4 hobgoblins
  A jackal (D:3)
  25 kobolds
  2 quokkas
  2 frilled lizards
  3 rats
143 creatures vanquished.

Notes
Turn   | Place    | Note
-------+----------+-------------------------------------------
     0 | D:1      | lunkers the Meteoran Wanderer began the quest for the Orb.
     0 | D:1      | lunkers set off with the following items: a +3 falchion, a
                  | +0 quarterstaff, a scroll of blinking, a +0 leather armour.
     0 | D:1      | Reached XP level 1. HP: 19/19 MP: 2/2
    15 | D:1      | Reached skill level 5 in Long Blades
    23 | D:1      | Reached XP level 2. HP: 11/26 MP: 3/3
   142 | D:1      | Reached XP level 3. HP: 31/31 MP: 4/4
   267 | D:1      | Reached skill level 6 in Long Blades
   498 | D:1      | Glimpsed the power of Zot.
   608 | D:2      | Reached XP level 4. HP: 38/38 MP: 5/5
   978 | D:3      | Reached skill level 7 in Long Blades
   978 | D:3      | Reached XP level 5. HP: 40/45 MP: 6/6
  1136 | D:4      | Reached XP level 6. HP: 34/51 MP: 7/7
  1136 | D:4      | Found a staircase to the Ecumenical Temple.
  1169 | Temple   | Entered the Ecumenical Temple
  1169 | Temple   | Found a transporter.
  1169 | Temple   | Found a transporter.
  1171 | Temple   | Found a transporter.
  1171 | Temple   | Found a transporter.
  1198 | Temple   | Became a worshipper of Warmaster Okawaru
  1343 | D:4      | Reached skill level 8 in Long Blades
  1537 | D:4      | Reached * piety under Okawaru
  1538 | D:4      | Reached skill level 9 in Long Blades
  1538 | D:4      | Reached XP level 7. HP: 35/57 MP: 8/8
  1800 | D:5      | Entered Level 5 of the Dungeon
  2019 | D:5      | Found a glowing golden altar of the Shining One.
  2115 | D:5      | Identified the +3 ring mail of Altruism {rPois Int+3 Dex+2}
  2202 | D:6      | Noticed a steam dragon
  2211 | D:6      | Killed a steam dragon
  2212 | D:6      | Reached skill level 10 in Long Blades
  2212 | D:6      | Reached XP level 8. HP: 30/63 MP: 9/11
  2288 | D:6      | Reached skill level 5 in Invocations
  2321 | D:6      | Reached ** piety under Okawaru
  2460 | D:6      | Reached skill level 5 in Fighting
  2563 | D:6      | Gained mutation: You passively map the area around you.
                  | [Meteoran growth]
  2563 | D:6      | Reached XP level 9. HP: 64/78 MP: 13/13
  2751 | D:6      | Reached skill level 1 in Dodging
  2925 | D:7      | HP: 3/79 [gnoll/+0 halberd (4)]
  2953 | D:7      | Found a blossoming altar of Fedhas.
  2987 | D:7      | Found a snail-covered altar of Cheibriados.
  3166 | D:7      | Reached *** piety under Okawaru
  3349 | D:7      | Found a transporter.
  3371 | D:7      | Found a transporter.
  3425 | D:7      | Reached skill level 5 in Armour
  3425 | D:7      | Reached XP level 10. HP: 52/89 MP: 11/14
  3440 | D:7      | Reached skill level 5 in Dodging
  3447 | D:7      | HP: 1/90 [acid (9)]
  3449 | D:7      | Splashed by a jelly's acid

Illustrated notes

Levels and vault maps discovered:
D:1:      spicycebolla_arrival_ecumenical, layout_rooms, hex_intersection,
          minmay_strange_pillars, supply_closet_lemuel
D:2:      minmay_inner_zag, layout_basic
D:3:      layout_basic, minmay_three_crescents
D:4:      kennysheep_kobold_camp, layout_basic, minmay_temple_entry_overgrown,
          serial_park_tiny_2, minmay_crystal_room
D:5:      layout_cave_pools, serial_park, serial_park_tiny_1,
          serial_park_square2, serial_park_tiny_2, serial_park_square2,
          serial_park_tiny_1
D:6:      minmay_chambers_of_sixes, layout_loops_ring
D:7:      gammafunk_cloud_chamber, layout_loops_ring,
          mainiacjoe_overflow_catwalk_spiral, dreamdust_gnoll_farm
Temple:   hellmonk_temple_divided_pantheon

Skill      XL: |  1  2  3  4  5  6  7  8  9 10 |
---------------+-------------------------------+-----
Long Blades    | 5 6 7 9 10 | 10.0
Invocations    | 3 5 |  5.0
Fighting       | 6 8 |  8.5
Dodging        | 4 5 |  5.1
Armour         | 5 |  5.4
Staves         | |  2.4

Action                     |  1- 3 |  4- 6 |  7- 9 | 10-12 || total
---------------------------+-------+-------+-------+-------++-------
  Melee: Falchion          |    54 |   128 |   365 |    22 ||   569
         Punch             |       |     2 |     8 |     1 ||    11
 Invoke: Heroism           |       |       |     4 |       ||     4
    Use: Scroll            |       |     5 |     6 |       ||    11
         Potion            |       |       |     1 |       ||     1
 Armour: Leather armour    |     9 |       |       |       ||     9
         Ring mail         |     8 |     3 |   143 |    20 ||   174
         Scale mail        |       |    80 |    33 |       ||   113
         Skin              |       |       |    11 |       ||    11
  Dodge: Dodged            |    22 |    51 |   217 |    23 ||   313

Table legend: (Time is in decaauts)
 A = Elapsed time spent in this place.
 B = Non-inter-level travel time spent in this place.
 C = Inter-level travel time spent in this place.
 D = Time resting spent in this place.
 E = Time spent auto-exploring this place.
 F = Levels seen in this place.
 G = Mean time per level.
                   A        B        C        D        E       F      G
               +--------+--------+--------+--------+--------+-----+--------+
         Total |   3345 |   3220 |    125 |     11 |   2112 |   8 |  418.1 |
       Dungeon |   3272 |   3147 |    125 |     11 |   2111 |   7 |  467.4 |
        Temple |     72 |     72 |      0 |      0 |      1 |   1 |   72.0 |
               +--------+--------+--------+--------+--------+-----+--------+

Top non-repeatable levels by time:
     D:4: 659 daAuts
     D:7: 600 daAuts
     D:6: 564 daAuts
     D:1: 525 daAuts
     D:5: 395 daAuts
     D:2: 391 daAuts
     D:3: 135 daAuts
  Temple: 72 daAuts
